 Dungeon Crawl Stone Soup version 0.30-b1-2-g02819fbbbe (webtiles) character file.

Game seed: 677005378736499145

11 ventricule the Sneak (level 2, 0/26 HPs)
             Began as an Armataur Delver on May 6, 2023.
             Frozen to death by an endoplasm (3 damage)
             ... on level 3 of the Dungeon.
             The game lasted 00:00:38 (59 turns).

ventricule the Sneak (Armataur Delver)                Turns: 59, Time: 00:00:39

Health: 0/26       AC:  4    Str: 17    XL:     2   Next: 13%
Magic:  2/2        EV:  9    Int: 10    God:
Gold:   16         SH:  0    Dex: 11    Spells: 1/1 levels left

rFire   . . .        a - +0 mace
rCold   . . .        (no shield)
rNeg    . . .        b - +0 leather armour
rPois   .            (no helmet)
rElec   .            (no cloak)
rCorr   .            (no gloves)
SInv    .            (no barding)
Will    .....        (no amulet)
Stlth   +++          (no ring)
HPRegen 0.24/turn    (no ring)
MPRegen 0.08/turn

%: roll
@: no status effects
A: large, rugged brown scales 3, deformed body, armoured tail, roll, long
tongue, awkward tongue
a: no special abilities


You were on level 3 of the Dungeon.
You visited 1 branch of the dungeon, and saw 3 of its levels.

You collected 16 gold pieces.

Inventory:

Hand Weapons
 a - a +0 mace (weapon)
Armour
 b - a +0 leather armour (worn)
Wands
 g - a wand of digging (3)
Scrolls
 c - a scroll of fog
 d - a scroll of magic mapping
 e - a scroll of fear
Potions
 f - a potion of haste
 h - a potion of lignification {unknown}


   Skills:
 + Level 2.9 Fighting
 + Level 2.1 Maces & Flails
 + Level 1.6 Dodging
 - Level 5.4 Stealth


You had one spell level left.
You didn't know any spells.
Your spell library was empty.

Dungeon Overview and Level Annotations

Branches:
Dungeon (5/15)
 Temple: D:4-7

Altars:


Innate Abilities, Weirdness & Mutations

You are completely covered in rugged brown scales. (AC +3, +7% HP)
Armour fits poorly on your strangely shaped body.
You have a long armoured tail.
You roll when moving toward enemies. (Rampage)
Your long tongue fully drains potion bottles. (2x potion effects)
Your tongue gives you trouble enunciating. (1.5x scroll delay)


Message History

You miss the adder.
The adder is lightly wounded.
* * * LOW HITPOINT WARNING * * *
You feel sick. The adder barely misses you. The adder closely misses you.
You closely miss the adder.
The adder is lightly wounded.
* * * LOW HITPOINT WARNING * * *
You feel sick. The adder barely misses you.
You hit the adder.
The adder is heavily wounded.
* * * LOW HITPOINT WARNING * * *
You feel sick.
You are no longer poisoned.
The adder barely misses you. x2
You closely miss the adder. You tail-slap the adder.
The adder is severely wounded.
The adder closely misses you. The adder completely misses you.
You hit the adder but do no damage.
The adder is severely wounded.
The adder bites you but does no damage. The adder bites you.
* * * LOW HITPOINT WARNING * * *
You hit the adder.
The adder is almost dead.
The adder bites you but does no damage.
You hit the adder.
You kill the adder!
The ball python bites you but does no damage.
Your Maces & Flails skill increases to level 2!
You have reached level 2!
You closely miss the ball python. You tail-slap the ball python.
The ball python is moderately wounded.
The ball python barely misses you.
You hit the ball python.
The ball python is heavily wounded.
The ball python bites you but does no damage. x2
You sock the ball python!
You kill the ball python!
The endoplasm freezes you.
You are frozen.
You die...

~.. #. # ~~ #. . #. ..
#.### .. #. . ... ... ?
#.#.##.###..#
...#..#......
..........###########..
#.......>J@...........
...#..############.....
#. ##w #. #


You could see an endoplasm.

Vanquished Creatures
  An adder (D:3)
  A ball python (D:3)
  A hobgoblin (D:4)
3 creatures vanquished.

Notes
Turn   | Place    | Note
-------+----------+-------------------------------------------
     0 | D:5      | ventricule the Armataur Delver began the quest for the Orb.
     0 | D:5      | Reached XP level 1. HP: 19/19 MP: 1/1
    57 | D:3      | Reached XP level 2. HP: 2/26 MP: 2/2
    59 | D:3      | Frozen to death by an endoplasm

Illustrated notes

Levels and vault maps discovered:
D:3:      layout_rooms, nicolae_ru_awakened_eye, nicolae_overflow_crystal_walls,
          uniq_jessica
D:4:      layout_basic, serial_co_window_serial, co_window_paths_a,
          co_window_paths_b, co_window_corner_a, co_window_paths_a,
          co_window_of_opportunity_a, co_window_unsneaky_path_e,
          co_window_of_opportunity_b, co_window_corner_b,
          co_window_of_opportunity_c, co_window_cross_2
D:5:      layout_basic

Skill      XL: |  1 |
---------------+----+-----
Maces & Flails | 2 |  2.1
Fighting       | |  2.9
Dodging        | |  1.6
Stealth        | |  5.4

Action                     || total
---------------------------++-------
  Melee: Mace              ||    15
         Tailslap          ||     3
   Stab: Sleeping          ||     1
 Armour: Leather armour    ||     8
  Dodge: Dodged            ||    11
